 Dungeon Crawl Stone Soup version 0.31-a0-1163-gcee99d1eea (webtiles) character file.

Game seed: 17538654933423099388

4 drugrobin the Sneak (level 1, 0/18 HPs)
             Began as a Demigod Delver on Dec 9, 2023.
             Succumbed to an adder's poison
             ... on level 3 of the Dungeon.
             The game lasted 00:02:56 (471 turns).

drugrobin the Sneak (Demigod Delver)                 Turns: 471, Time: 00:02:57

Health: 0/18       AC:  3    Str: 13    XL:     1   Next: 40%
Magic:  3/3        EV: 11    Int: 12    God:
Gold:   10         SH:  0    Dex: 15    Spells: 0/0 levels left

rFire   . . .        b - +0 flail
rCold   . . .        (no shield)
rNeg    . . .        k - +0 leather armour
rPois   .            (no helmet)
rElec   .            (no cloak)
rCorr   .            (no gloves)
SInv    .            (no boots)
Will    .....        (no amulet)
Stlth   +++          (no ring)
HPRegen 0.23/turn    (no ring)
MPRegen 0.08/turn

%: no passive effects
@: lethally poisoned (0 -> -3)
A: high MP 1, forlorn, divine attributes
a: no special abilities


You were on level 3 of the Dungeon.
You visited 1 branch of the dungeon, and saw 3 of its levels.

You collected 10 gold pieces.

Inventory:

Hand Weapons
 a - a +0 mace
 b - a +0 flail (weapon)
Armour
 e - a +0 ring mail
 k - a +0 leather armour (worn)
Magical Staves
 j - a staff of earth
Talismans
 i - a maw talisman
Scrolls
 f - a scroll of teleportation {unknown}
Potions
 h - a potion of curing {unknown}


   Skills:
 - Level 2.6 Fighting
 * Level 2.0 Maces & Flails
 - Level 1.7 Dodging
 - Level 4.5 Stealth
 + Level 0.2 Shapeshifting


You couldn't memorise any spells.
You didn't know any spells.
Your spell library was empty.

Dungeon Overview and Level Annotations

Branches:
Dungeon (5/15)
 Temple: D:4-7

Annotations:
D:5 exclusion: gnoll


Innate Abilities, Weirdness & Mutations

You have an increased reservoir of magic. (+10% MP)
You shall have no god before yourself.
Your divine heritage dramatically boosts your attributes as you level up.


Message History

The adder misses you. The adder bites you.
You hit the adder but do no damage.
The adder is moderately wounded.
The adder misses you.
You closely miss the adder.
The adder is moderately wounded.
The adder closely misses you. x2
You miss the adder.
The adder is moderately wounded.
The adder misses you. The adder closely misses you.
You hit the adder.
The adder is severely wounded.
The adder bites you.
You are poisoned.
The adder poisons you!
You closely miss the adder.
The adder is severely wounded.
You feel sick. The adder bites you. The adder closely misses you.
You hit the adder.
The adder is almost dead.
You feel sick. The adder bites you.
You are more poisoned.
The adder poisons you! The adder barely misses you.
You hit the adder.
The adder is almost dead.
You feel sick. The adder misses you. The adder bites you.
You closely miss the adder.
The adder is almost dead.
* * * LOW HITPOINT WARNING * * *
You feel sick. The adder barely misses you.
Unknown command.
You closely miss the adder.
The adder is almost dead.
* * * LOW HITPOINT WARNING * * *
You feel sick. The adder bites you but does no damage. The adder bites you.
* * * LOW HITPOINT WARNING * * *
Unknown command.
Unknown command.
It was a potion of cancellation.
You feel magically purged.
You die...

#.###.....>..####
##.#######'#.#
#.# #[#.# #.##
#.......# ##.##
##.#.####
##.#####.#.#
#........ .
#........ ..
#@##.##.# .. #S#
#.#.. .## #.# #..
... ... ... ..
.#### #


You could see an adder.

Vanquished Creatures
  An orc (D:3)
  An endoplasm (D:3)
  A rat (D:3)
3 creatures vanquished.

Notes
Turn   | Place    | Note
-------+----------+-------------------------------------------
     0 | D:5      | drugrobin the Demigod Delver began the quest for the Orb.
     0 | D:5      | Reached XP level 1. HP: 18/18 MP: 3/3
   373 | D:4      | Noticed an iguana
   434 | D:3      | Noticed a centaur
   471 | D:3      | Succumbed to an adder's poison

Illustrated notes

Levels and vault maps discovered:
D:3:      layout_basic, chequers_temple_overflow_statue_of_worship,
          serial_shops, shop_fountains, kennysheep_jessica_study
D:4:      layout_basic, serial_shops, nicolae_shop_trees
D:5:      layout_basic, corexii_hall_statues_l

Skill      XL: |  1 |
---------------+----+-----
Maces & Flails | 2 |  2.0
Fighting       | |  2.6
Dodging        | |  1.7
Stealth        | |  4.5
Shapeshifting  | |  0.2

Action                     || total
---------------------------++-------
  Melee: Flail             ||    16
         Mace              ||    13
  Evoke: Wand              ||     3
    Use: Scroll            ||     3
         Potion            ||     2
   Stab: Sleeping          ||     1
 Armour: Leather armour    ||    30
  Dodge: Dodged            ||    23

Table legend: (Time is in decaauts)
 A = Elapsed time spent in this place.
 B = Non-inter-level travel time spent in this place.
 C = Inter-level travel time spent in this place.
 D = Time resting spent in this place.
 E = Time spent auto-exploring this place.
 F = Levels seen in this place.
 G = Mean time per level.
                   A        B        C        D        E       F      G
               +--------+--------+--------+--------+--------+-----+--------+
         Total |    466 |    461 |      5 |     89 |    112 |   3 |  155.3 |
       Dungeon |    466 |    461 |      5 |     89 |    112 |   3 |  155.3 |
               +--------+--------+--------+--------+--------+-----+--------+

Top non-repeatable levels by time:
     D:5: 325 daAuts
     D:3: 94 daAuts
     D:4: 46 daAuts
